Map: Deathaura LE

Players

MinoGames

  • Race: Zerg Zerg
  • Spawn Location: 11:00

CloudIII - Winner!

  • Race: Zerg Zerg
  • League: Platinum
  • Spawn Location: 5:00

VOD

Have the link to the VOD?

Description

Time

  • Played on: Oct. 5, 2020, 10:36 p.m.
  • Length: 18:39
Show
View Real Time Build Order
Export as new Build Order

MinoGames Zerg 

Build Orders: Pool First 

Get SALT Encoding   

  12  0:17  Spawning Pool  
  11  0:22  Drone  
  11  0:26  Drone  
  13  0:31  Drone  
  14  0:43  Overlord  
  14  1:05  Zergling x2  
  14  1:06  Zergling x4  
  17  1:19  Drone  
  17  1:22  Hatchery  
  17  1:28  Drone  
  17  1:29  Extractor  
  17  1:36  Queen  
  19  1:40  Drone  
  19  1:52  Spine Crawler  
  19  1:54  Zergling x2  
  19  2:00  Spine Crawler  
  18  2:07  Drone  
  21  2:12  Overlord  
  21  2:18  Spine Crawler  
  21  2:22  Drone  
  21  2:29  Baneling Nest  
  20  2:35  Queen  
  24  2:44  Drone x3  
  24  2:48  Extractor  
  25  2:53  Drone  
  26  3:04  Drone  
  26  3:05  Drone x2  
  29  3:12  Drone x3  
  32  3:21  Overlord  
  32  3:27  Drone  
  32  3:28  Drone  
  32  3:34  Overlord  
  34  3:43  Roach Warren  
  34  3:48  Evolution Chamber  
  32  3:55  Evolution Chamber  
  31  3:59  Drone x2  
  31  4:02  Overlord  
  33  4:22  Zerg Missile Weapons Level 1  
  33  4:23  Zerg Ground Armor Level 1  
  33  4:24  Overlord  
  33  4:40  Roach x2  
  33  4:41  Roach x2  
  33  4:45  Roach  
  43  4:48  Overlord  
  43  4:51  Roach  
  45  4:55  Roach  
  47  5:03  Roach x2  
  51  5:17  Roach x2  
  51  5:18  Roach  
  57  5:28  Overlord  
  57  5:30  Roach x2  
  57  5:31  Roach  
  60  5:39  Roach  
  60  5:40  Roach  
  64  5:47  Overlord  
  64  5:48  Roach  
  66  6:00  Roach x2  
  66  6:01  Roach  
  72  6:09  Overlord  
  72  6:10  Drone  
  72  6:11  Drone  
  74  6:15  Overlord  
  74  6:23  Roach  
  76  6:30  Roach  
  76  6:31  Roach  
  80  6:48  Roach x5  
  76  7:09  Roach x2  
  76  7:10  Roach x4  
  76  7:17  Spore Crawler  
  76  7:21  Spore Crawler  
  76  7:22  Spore Crawler  
  67  7:31  Spore Crawler  
  54  7:50  Spore Crawler  
  45  7:53  Lair  
  45  7:54  Queen, Spore Crawler  
  40  8:02  Drone x4  
  40  8:04  Extractor  
  43  8:07  Extractor  
  42  8:30  Drone x6  
  42  8:31  Overlord  
  48  8:48  Drone x4  
  46  8:50  Spore Crawler  
  44  9:01  Drone x2  
  44  9:02  Drone x2  
  48  9:06  Extractor  
  48  9:07  Drone  
  48  9:08  Hydralisk Den  
  47  9:19  Drone x2  
  49  9:28  Zergling x6  
  49  9:29  Zergling x2  
  45  9:32  Extractor  
  45  9:35  Spore Crawler  
  39  9:42  Grooved Spines  
  39  9:53  Metabolic Boost  
  39  10:10  Hydralisk x5  
  39  10:11  Hydralisk  
  51  10:19  Queen  
  51  10:29  Hydralisk x2  
  51  10:31  Zerg Missile Weapons Level 2  
  51  10:33  Hydralisk x2  
  59  10:36  Hydralisk  
  61  10:52  Hydralisk x2  
  61  10:53  Muscular Augments  
  61  11:04  Hydralisk x3  
  61  11:09  Hydralisk  
  69  11:16  Spore Crawler  
  68  11:32  Drone  
  69  11:41  Hydralisk x3  
  69  11:44  Hatchery  
  68  11:59  Drone  
  68  12:00  Zergling x4, Drone  
  68  12:01  Zergling x10  
  77  12:09  Zergling x2  
  62  12:44  Hydralisk x2  
  62  12:45  Hydralisk x5  
  58  12:57  Hydralisk  
  61  13:00  Hydralisk  
  63  13:10  Spore Crawler  
  62  13:17  Hatchery  
  53  13:28  Hydralisk  
  53  13:29  Hydralisk x3  
  61  13:36  Roach Warren  
  60  13:44  Hydralisk x3  
  66  13:52  Spine Crawler  
  65  13:58  Drone  
  65  13:59  Drone x2  
  65  14:00  Overlord  
  68  14:09  Overlord  
  68  14:16  Glial Reconstitution  
  68  14:17  Roach x2  
  68  14:18  Roach  
  68  14:22  Roach x2  
  68  14:23  Roach x3  
  84  14:31  Roach x3  
  90  14:37  Roach  
  90  14:38  Roach  
  94  14:46  Roach x3  
  100  14:56  Queen  
  100  15:05  Roach x3, Spore Crawler  
  105  15:12  Overlord  
  105  15:26  Overlord x2  
  105  15:44  Hydralisk x3  
  105  15:46  Roach  
  105  15:47  Roach x2  
  85  16:28  Hatchery  
  80  16:39  Hydralisk x3  
  66  16:40  Hydralisk x2  
  62  16:52  Hydralisk  
  64  17:03  Hydralisk  
  64  17:07  Hydralisk  
  68  17:16  Hydralisk  
  70  17:24  Hydralisk  
  72  17:34  Extractor  
  71  17:37  Extractor  
  71  17:43  Hydralisk x2  
  74  17:48  Hydralisk  
  76  17:58  Queen  
  78  18:04  Spine Crawler  
  77  18:08  Drone x3  
Show
View Real Time Build Order
Export as new Build Order

CloudIII Zerg - Winner!

Build Orders: Pool First 

Get SALT Encoding   

  12  0:20  Spawning Pool  
  11  0:21  Drone  
  11  0:26  Drone  
  13  0:30  Drone  
  14  0:39  Overlord  
  14  1:07  Zergling x6  
  14  1:08  Queen  
  19  1:17  Overlord  
  20  1:32  Zergling x2  
  20  1:41  Zergling x2  
  20  1:50  Spine Crawler  
  19  1:54  Extractor  
  19  1:55  Zergling x2  
  19  2:02  Drone  
  19  2:04  Queen  
  22  2:12  Drone  
  23  2:25  Hatchery  
  22  2:36  Zergling x4  
  24  2:51  Drone x3  
  27  3:01  Metabolic Boost  
  27  3:13  Drone x2  
  29  3:21  Overlord  
  29  3:41  Lair  
  29  3:43  Drone x2  
  29  3:44  Extractor  
  30  4:05  Drone x6  
  36  4:18  Drone x4  
  36  4:22  Drone  
  41  4:28  Overlord  
  41  4:37  Overlord  
  41  4:43  Spire  
  40  4:47  Extractor  
  40  4:48  Extractor, Drone  
  39  4:56  Drone x3  
  39  4:58  Drone  
  43  5:23  Zergling x2  
  43  5:24  Zergling x18  
  53  5:35  Spore Crawler  
  51  5:37  Spore Crawler  
  50  5:48  Overlord x2  
  50  5:56  Mutalisk x2  
  54  5:59  Zerg Flyer Weapons Level 1  
  54  6:04  Mutalisk  
  54  6:09  Mutalisk  
  58  6:20  Mutalisk  
  58  6:24  Mutalisk  
  62  6:27  Mutalisk  
  64  6:32  Mutalisk  
  64  6:38  Mutalisk  
  62  6:48  Mutalisk  
  62  6:52  Zergling x4  
  57  7:00  Mutalisk  
  57  7:01  Mutalisk  
  52  7:10  Mutalisk  
  48  7:26  Mutalisk  
  49  7:42  Mutalisk  
  49  7:58  Mutalisk  
  49  8:02  Drone  
  49  8:03  Drone x4  
  56  8:11  Drone  
  57  8:15  Drone  
  58  8:35  Drone x3  
  58  8:41  Drone x3  
  64  8:47  Drone x2  
  61  9:22  Hatchery  
  55  9:27  Drone x4  
  55  9:28  Drone x2  
  55  9:29  Queen  
  57  9:36  Queen  
  59  9:52  Drone x4  
  63  10:01  Drone x2  
  65  10:26  Drone x4  
  69  10:33  Evolution Chamber  
  69  10:34  Queen, Evolution Chamber  
  69  10:35  Spine Crawler  
  69  10:36  Mutalisk x3  
  74  10:50  Drone x3  
  77  11:05  Drone x2  
  77  11:06  Baneling Nest, Drone x3  
  77  11:10  Overlord  
  77  11:11  Overlord  
  81  11:26  Zerg Ground Armor Level 1  
  81  11:27  Overlord  
  81  11:33  Zergling x2  
  81  11:34  Zergling x8  
  81  11:37  Zergling x2  
  87  11:52  Zergling x6  
  90  11:55  Baneling x3  
  90  11:56  Baneling x3  
  79  12:12  Baneling x2  
  79  12:13  Zergling x2  
  79  12:14  Zergling x10  
  82  12:17  Centrifical Hooks  
  79  12:27  Zergling x4  
  79  12:34  Overlord x2  
  79  12:36  Baneling x5  
  71  12:49  Zergling x14  
  71  13:05  Drone  
  71  13:06  Drone x2  
  72  13:21  Zerg Melee Weapons Level 1  
  72  13:26  Drone x5  
  77  13:33  Baneling x5  
  77  13:34  Baneling x2  
  77  13:35  Baneling  
  77  13:48  Hatchery  
  76  14:03  Mutalisk  
  76  14:07  Baneling x3  
  78  14:13  Hatchery  
  77  14:25  Drone x3  
  77  14:26  Drone x6  
  77  14:28  Drone  
  87  14:32  Overlord  
  87  14:42  Drone x4  
  91  14:51  Extractor x2  
  89  15:09  Mutalisk x5  
  89  15:12  Evolution Chamber, Zergling x2  
  89  15:13  Extractor, Zergling x2  
  99  15:16  Extractor, Baneling x3  
  99  15:17  Baneling  
  98  15:27  Mutalisk x2  
  102  15:29  Mutalisk  
  104  15:38  Zerg Melee Weapons Level 2  
  104  15:45  Zerg Ground Armor Level 2  
  104  15:51  Zerg Flyer Weapons Level 2  
  104  16:03  Pneumatized Carapace  
  73  16:26  Zergling x2  
  73  16:27  Zergling x32  
  80  16:51  Drone x2  
  80  16:53  Hatchery  
  81  16:57  Mutalisk x2  
  81  17:00  Mutalisk  
  87  17:05  Mutalisk  
  89  17:14  Drone x2  
  89  17:15  Drone  
  92  17:21  Drone  
  93  17:31  Queen  
  91  17:47  Baneling  
  91  17:48  Baneling x9  
  91  17:53  Drone  
Tags
 
League
Platinum
Matchup
ZvZ
Race
Zerg
Spawn Locations
Cross Positions
Add a new tag
Caveats
  • Supply blocks, unpowered buildings, or Contaminate may cause inaccurate times.
  • Supply counts are checked every 10 seconds.